 Dungeon Crawl Stone Soup version 0.29-a0-550-g81e455f4c2 (webtiles) character file.

Game seed: 3671023116308329175

30 Lekart the Ruffian (level 3, -4/28 HPs)
             Began as a Draconian Transmuter on June 5, 2022.
             Killed by nerve-wracking pain
             ... invoked by Jessica
              (14 damage)
             ... on level 2 of the Dungeon.
             The game lasted 00:01:35 (1061 turns).

Lekart the Ruffian (Draconian Transmuter)           Turns: 1061, Time: 00:01:36

Health: -4/28      AC:  5    Str: 12    XL:     3   Next: 3%
Magic:  5/6        EV: 12    Int: 15    God:
Gold:   39         SH:  0    Dex: 11    Spells: 3/6 levels left

rFire   . . .      SeeInvis .     - Unarmed
rCold   . . .      Faith    .   (no shield)
rNeg    . . .      Spirit   .   (body armour unavailable)
rPois   .          Reflect  .   (helmet currently unavailable)
rElec   .          Harm     .   (no cloak)
rCorr   .          Rampage  .   (no gloves)
Will    .....                   (boots currently unavailable)
Stlth   +.........              (no amulet)
HPRegen 0.09/turn               (no ring)
MPRegen 0.10/turn               (no ring)

@: appendages
A: horns 2, talons 2, AC +5, unfitting armour, cold-blooded
a: End Transformation


You were on level 2 of the Dungeon.
You had temporarily grown beastly horns and talons.
You visited 1 branch of the dungeon, and saw 2 of its levels.

You collected 39 gold pieces.

Inventory:

Potions
 a - a potion of lignification
 b - 3 potions of brilliance
 g - 2 potions of resistance


   Skills:
 + Level 1.2 Fighting
 + Level 1.9 Dodging
 + Level 3.6 Unarmed Combat
 + Level 2.1 Spellcasting
 + Level 2.5 Transmutations


You had 3 spell levels left.
You knew the following spells:

 Your Spells              Type           Power      Damage    Failure   Level
a - Beastly Appendage     Tmut           18%        N/A       8%          1
b - Wereblood             Tmut           9%         N/A       12%         2

Your spell library contained the following spells:

 Spells                   Type           Power      Damage    Failure   Level
 Slow                     Hex            4%         N/A       22%         1
 Spider Form              Tmut/Pois      5%         N/A       36%         3
 Confusing Touch          Hex            1%         N/A       54%         3
 Vampiric Draining        Necr           1%         2d6       54%         3
 Ice Form                 Ice/Tmut       5%         N/A       78%         4


Dungeon Overview and Level Annotations

Branches:
Dungeon (2/15)

Altars:

Annotations:
D:2 Jessica


Innate Abilities, Weirdness & Mutations

You have temporarily grown beastly horns and talons.
Your plain brown scales are hard. (AC +5)
You cannot fit into any form of body armour.
You are cold-blooded and may be slowed by cold attacks.


Message History

You are frozen.
Jessica barely misses you.
You hit Jessica. You tail-slap Jessica.
Jessica is heavily wounded.
You feel yourself speed up. The endoplasm barely misses you.
Jessica very coldly says, "I hate your company."
Jessica barely misses you.
Jessica gestures wildly while chanting.
Jessica seems to speed up.
The endoplasm closely misses you.
Okay, then.
You barely miss Jessica.
Jessica is heavily wounded.
Jessica points at you and mumbles some strange words.
You barely resist.
The endoplasm jiggles.
The endoplasm hits you but does no damage.
Casting: Beastly Appendage (safe; 8% risk of failure)
Confirm with . or Enter, or press ? or * to list all spells.
You grow a pair of large bovine horns.
Your feet morph into talons.
Jessica hits you but does no damage. The endoplasm freezes you.
You are frozen.
Jessica gestures at you while chanting. Pain shoots through your body!
You barely miss Jessica. You headbutt Jessica, but do no damage.
Jessica is heavily wounded.
Jessica closely misses you.
You barely miss Jessica. Your kick misses Jessica.
Jessica is heavily wounded.
The endoplasm hits you but does no damage.
Jessica barely misses you.
You hit Jessica but do no damage. Your kick misses Jessica.
Your tail-slap misses Jessica.
Jessica is heavily wounded.
Jessica hits you with a +0 dagger.
The endoplasm hits you but does no damage.
Jessica casts a spell at you. Pain shoots through your body!
Ouch! That really hurt!
You die...

#. # # #.. .#.
#.. #.# #.. #.#
####..###?#
..........####.#
#....>@@J...#
##...########
#...# #>..#
##.## #.# #.#
#.# #.###


You could see Jessica (fast) and an endoplasm.

Vanquished Creatures
  An adder (D:2)
  3 endoplasms (D:1)
  A giant cockroach (D:1)
  4 goblins
  A hobgoblin (D:1)
  2 ball pythons (D:1)
  A bat (D:1)
  3 frilled lizards (D:1)
  2 kobolds (D:1)
  4 rats (D:1)
22 creatures vanquished.

Notes
Turn   | Place    | Note
-------+----------+-------------------------------------------
     0 | D:1      | Lekart the Draconian Transmuter began the quest for the
                  | Orb.
     0 | D:1      | Reached XP level 1. HP: 16/16 MP: 3/3
   136 | D:1      | Reached XP level 2. HP: 23/23 MP: 3/5
   735 | D:1      | Learned a level 2 spell: Wereblood
  1000 | D:2      | Reached XP level 3. HP: 28/28 MP: 4/6
  1044 | D:2      | Noticed Jessica
  1061 | D:2      | Killed from afar by Jessica

Illustrated notes

Levels and vault maps discovered:
D:1:      minmay_arrival_split_and_join, layout_basic
D:2:      layout_loops_ring, nicolae_ecumenical_oubliette, uniq_jessica

Action                   || total
-------------------------++-------
Melee: Unarmed           ||    49
       Kick              ||    11
       Headbutt          ||     5
       Tailslap          ||     7
 Cast: Beastly Appendage ||    14
       Wereblood         ||     1
  Use: Scroll            ||     3
       Potion            ||     2
 Stab: Sleeping          ||     1
Armor: Skin              ||    13
Dodge: Dodged            ||    23

Table legend: (Time is in decaauts)
 A = Elapsed time spent in this place.
 B = Non-inter-level travel time spent in this place.
 C = Inter-level travel time spent in this place.
 D = Time resting spent in this place.
 E = Time spent auto-exploring this place.
 F = Levels seen in this place.
 G = Mean time per level.
                   A        B        C        D        E       F      G
               +--------+--------+--------+--------+--------+-----+--------+
         Total |   1059 |   1045 |     14 |      0 |    903 |   2 |  529.5 |
       Dungeon |   1059 |   1045 |     14 |      0 |    903 |   2 |  529.5 |
               +--------+--------+--------+--------+--------+-----+--------+

Top non-repeatable levels by time:
     D:1: 938 daAuts
     D:2: 121 daAuts
